 Dungeon Crawl Stone Soup version 0.26-a0-64-g059e62fbdb (webtiles) character file.

Game seed: 14384449019333514832

17 inmateoo the Scratcher (level 2, 0/12 HPs)
             Began as a Felid Transmuter on June 11, 2020.
             Slain by a jackal (2 damage)
             ... on level 2 of the Dungeon.
             The game lasted 00:00:58 (987 turns).

inmateoo the Scratcher (Felid Transmuter)            Turns: 987, Time: 00:00:58

Health: 0/12       AC:  1    Str:  6    XL:     2   Next: 44%
Magic:  5/6        EV: 18    Int: 14    God:
Gold:   38         SH:  0    Dex: 16    Spells: 4/5 levels left
                                        Lives:  0   Deaths: 0

rFire    . . .     SeeInvis +     - Unarmed
rCold    . . .     Gourm    .   (shield unavailable)
rNeg     . . .     Faith    .   (armour unavailable)
rPois    .         Spirit   .   (helmet unavailable)
rElec    .         Reflect  .   (cloak unavailable)
rCorr    .         Harm     .   (gloves unavailable)
MR       .....                  (boots unavailable)
Stlth    ++........             (no amulet)
HPRegen  0.04/turn              (no ring)
MPRegen  0.10/turn              (no ring)

@: appendage (expiring), quick
A: very small, no armour, no weapons or thrown items, stealth, claws 1, fangs 3,
horns 2, see invisible, carnivore, speed 1, shaggy fur 1, slow metabolism 1,
sharp paws
a: End Transformation


You were on level 2 of the Dungeon.
You were not hungry.
You had grown temporary horns.
You visited 1 branch of the dungeon, and saw 2 of its levels.

You collected 38 gold pieces.

Inventory:

Missiles
 a - 12 arrows
Scrolls
 b - a scroll of noise {unknown}
 e - 3 scrolls of identify {unknown}
Potions
 d - a potion of resistance {unknown}
Comestibles
 c - 2 rations


   Skills:
 + Level 1.2 Fighting
 + Level 3.1 Dodging
 + Level 1.1 Stealth
 + Level 3.1 Unarmed Combat
 + Level 2.1 Spellcasting
 + Level 2.4 Transmutations


You had 4 spell levels left.
You knew the following spells:

 Your Spells              Type           Power        Failure   Level  Hunger
a - Beastly Appendage     Tmut           #.....       9%          1    #......

Your spell library contained the following spells:

 Spells                   Type           Power        Failure   Level  Hunger
 Sticks to Snakes         Tmut           #.......     13%         2    ###....
 Spider Form              Tmut/Pois      #.........   38%         3    ###....
 Ice Form                 Ice/Tmut       #.......     80%         4    #####..
 Blade Hands              Tmut           #.........   94%         5    ######.


Dungeon Overview and Level Annotations

Branches:
Dungeon (2/15)

Altars:


Innate Abilities, Weirdness & Mutations

You cannot wear armour.
You are incapable of wielding weapons or throwing items.
Your paws allow you to move quietly. (Stealth)
You have sharp claws.
You have razor-sharp teeth.
You have supernaturally acute eyesight. (SInv)
You are carnivorous and can eat meat at any time.
You cover ground quickly.
You are covered in fur. (AC +1)
You have a slow metabolism.
Your sharp claws are effective at attacking unaware monsters.
You have a pair of horns on your head.


Message History

You kill the jackal!
You swing at nothing.
Your horns disappear.
The jackal bites you.
* * * LOW HITPOINT WARNING * * *
You see here 13 bolts.
There is a stone staircase leading down here.
Casting: Beastly Appendage (safe; 9% risk of failure)
Confirm with . or Enter, or press ? or * to list all spells.
You grow a pair of large bovine horns.
The jackal closely misses you. The jackal barely misses you.
You miss the jackal. Your headbutt misses the jackal.
The jackal barely misses you.
You scratch the jackal but do no damage.
The jackal closely misses you.
You scratch the jackal. You bite the jackal.
The jackal is moderately wounded.
Your transformation is almost over.
The jackal bites you.
You die...

#..# ####<.# #...#.#
#.#(#.######.# ..
#.#.#.........
....#.#.########.#
...............#
##############.#####.##
........wrh@...#
#####...#######
#.######...#####
#.....[>.........
#####.(..........
#.##...###### ##†#.#.##
#.......#
##+#####.#)#.##


You could see a dart slug, a jackal and a rat.

Vanquished Creatures
  A dart slug (D:1)
  4 goblins (D:1)
  A hobgoblin (D:2)
  3 jackals (D:2)
  A ball python (D:1)
  3 kobolds (D:1)
  2 rats
15 creatures vanquished.

Vanquished Creatures (others)
  A rat (D:2)
1 creature vanquished.

Grand Total: 16 creatures vanquished

Notes
Turn   | Place    | Note
-------+----------+-------------------------------------------
     0 | D:1      | inmateoo the Felid Transmuter began the quest for the Orb.
     0 | D:1      | Reached XP level 1. HP: 9/9 MP: 4/4
   447 | D:1      | Reached XP level 2. HP: 8/12 MP: 6/6
   961 | D:2      | Reached skill level 1 in Stealth
   987 | D:2      | Slain by a jackal

Illustrated notes

Levels and vault maps discovered:
D:1:      dpeg_arrival_pits, layout_basic, st_stairs_12,
          chequers_serial_rivers_room_b, minmay_stone_trees_small,
          minmay_tromino_v4_c
D:2:      layout_basic, fiery_altar_vehumet, first_ration, serial_glass,
          glass_columns_b, glass_columns_a, st_stairs_12,
          okawaru_altar_gauntlet_db

Skill      XL: |  1  2 |
---------------+-------+-----
Dodging        | 3 |  3.1
Stealth        | 1 |  1.1
Fighting       | |  1.2
Unarmed Combat | |  3.1
Spellcasting   | |  2.1
Transmutations | |  2.4

Action                   || total
-------------------------++-------
Melee: Unarmed           ||    51
       Headbutt          ||     5
       Bite              ||     5
 Cast: Beastly Appendage ||     4
 Stab: Sleeping          ||     3
  Eat: Chunk             ||     1
Armor: Skin              ||     2
Dodge: Dodged            ||    38

Table legend:
 A = Non-vault XP
 B = Vault XP
 C = Vault XP percentage of total XP
 D = Non-vault monster count
 E = Vault monster count
 F = Vault count percentage of total count
                 A         B        C        D         E       F
            +---------+---------+-------+---------+---------+-------
      Total |      20 |       5 |  20.0 |      13 |       2 |  13.3
            +---------+---------+-------+---------+---------+-------
        D:1 |      11 |       5 |  31.2 |       8 |       2 |  20.0
        D:2 |       9 |       0 |   0.0 |       5 |       0 |   0.0
            +---------+---------+-------+---------+---------+-------
